General information
- name: BNet
- type: Ladder team game (AT/RT)
- host: Battle.net
- saver: dodat
map: MarketSquare
- players: 8
- length: 41:19
- speed: Fast
- version: 1.27 W3XP
- replay type: Public
» download(293 KB)
Players
team 1 (loser)

»
t_K (
blue | 86 APM | 3495 actions | 40:50)
7 Tauren Chieftain
3 War Stomp
3 Endurance Aura
1 Reincarnation
6 Shadow Hunter
3 Hex
3 Healing Wave
1 Blademaster
1 Wind Walk
» actions
| Assign group hotkey | 86 | |
| Basic commands | 230 | |
| Build / train | 141 | |
| Enter build submenu | 44 | |
| Enter hero's abilities submenu | 14 | |
| Give item / drop item | 4 | |
| Remove unit from queue | 4 | |
| Right click | 1095 | |
| Select / deselect | 924 | |
| Select group hotkey | 753 | |
| Use ability | 200 | |
3495 total
» units
| Peon | 27 | |
| Grunt | 7 | |
| Troll Witch Doctor | 15 | |
| Tauren | 11 | |
| Spirit Walker | 6 | |
| Troll Batrider | 19 | |
85 total
» upgrades
| Armor | 3 | |
| Melee Weapons | 2 | |
| Witch Doctor Training | 2 | |
| Pulverize | 1 | |
| Reinforced Defenses | 1 | |
| Spirit Walker Training | 2 | |
11 total
» buildings
| Altar of Storms | 1 | |
| Orc Burrow | 10 | |
| Barracks | 1 | |
| Voodoo Lounge | 2 | |
| Stronghold | 1 | |
| War Mill | 1 | |
| Fortress | 2 | |
| Spirit Lodge | 1 | |
| Great Hall | 4 | |
| Watch Tower | 19 | |
| Tauren Totem | 1 | |
| Beastiary | 1 | |
44 total
» build order
00:25 Altar of Storms
00:37 Orc Burrow
00:54 Barracks
01:42 Orc Burrow
02:25 Voodoo Lounge
03:00 Orc Burrow
04:39 Stronghold
05:21 Orc Burrow
06:02 War Mill
07:13 Fortress
07:15 Spirit Lodge
07:42 Orc Burrow
07:43 Orc Burrow
09:49 Great Hall
10:24 Watch Tower
10:25 Watch Tower
10:27 Watch Tower
10:35 Tauren Totem
11:38 Watch Tower
12:32 Great Hall
13:04 Watch Tower
14:28 Great Hall
14:30 Watch Tower
14:53 Watch Tower
15:40 Watch Tower
18:30 Orc Burrow
22:20 Great Hall
22:26 Watch Tower
22:28 Watch Tower
22:30 Watch Tower
23:09 Watch Tower
23:12 Watch Tower
24:06 Watch Tower
24:43 Beastiary
25:00 Watch Tower
25:02 Watch Tower
25:04 Watch Tower
28:13 Voodoo Lounge
28:38 Orc Burrow
28:38 Orc Burrow
29:56 Watch Tower
31:03 Orc Burrow
33:21 Watch Tower
» items
| Healing Salve | 5 | |
| Scroll of Speed | 3 | |
| Lesser Clarity Potion | 3 | |
| Scroll of Town Portal | 2 | |
| Orb of Lightning | 1 | |
| Potion of Lesser Invulnerability | 1 | |
| Potion of Healing | 1 | |
16 total

»
FEMINISM_RULES (
green | 56 APM | 1373 actions | 24:23)
4 Dreadlord
2 Vampiric Aura
2 Sleep
2 Death Knight
1 Death Coil
1 Unholy Aura
» actions
| Basic commands | 5 | |
| Build / train | 79 | |
| Enter build submenu | 15 | |
| Enter hero's abilities submenu | 6 | |
| Give item / drop item | 1 | |
| Right click | 945 | |
| Select / deselect | 268 | |
| Use ability | 54 | |
1373 total
» units
| Acolyte | 2 | |
| Ghoul | 32 | |
| Abomination | 19 | |
| Meatwagon | 2 | |
55 total
» upgrades
| Unholy Strength | 3 | |
| Unholy Armor | 3 | |
| Disease Cloud | 1 | |
7 total
» buildings
| Ziggurat | 6 | |
| Altar of Darkness | 1 | |
| Crypt | 2 | |
| Nerubian Tower | 3 | |
| Graveyard | 1 | |
| Tomb of Relics | 1 | |
| Halls of the Dead | 1 | |
| Black Citadel | 1 | |
| Slaughterhouse | 3 | |
19 total
» build order
00:40 Ziggurat
00:42 Ziggurat
00:47 Altar of Darkness
01:12 Crypt
01:44 Crypt
01:59 Nerubian Tower
02:15 Graveyard
02:34 Tomb of Relics
04:30 Ziggurat
05:38 Halls of the Dead
07:26 Ziggurat
07:28 Ziggurat
08:41 Black Citadel
10:49 Slaughterhouse
10:56 Slaughterhouse
10:59 Slaughterhouse
14:03 Ziggurat
23:01 Nerubian Tower
23:01 Nerubian Tower
» items
| Rod of Necromancy | 1 | |
| Scroll of Town Portal | 3 | |
4 total
dodat (
teal | 61 APM | 2517 actions | 41:19)
10 Blademaster
3 Wind Walk
3 Critical Strike
1 Bladestorm
3 Mirror Image
» actions
| Assign group hotkey | 59 | |
| Basic commands | 58 | |
| Build / train | 83 | |
| Enter build submenu | 81 | |
| Enter hero's abilities submenu | 10 | |
| Give item / drop item | 5 | |
| Right click | 1232 | |
| Select / deselect | 400 | |
| Select group hotkey | 313 | |
| Use ability | 276 | |
2517 total
» units
| Peon | 24 | |
| Grunt | 4 | |
| Troll Batrider | 17 | |
45 total
» upgrades
| Reinforced Defenses | 1 | |
| Troll Regeneration | 1 | |
| Ranged Weapons | 3 | |
| Armor | 3 | |
| Liquid Fire | 1 | |
9 total
» buildings
| Orc Burrow | 6 | |
| Altar of Storms | 1 | |
| Barracks | 1 | |
| Voodoo Lounge | 1 | |
| Stronghold | 1 | |
| War Mill | 2 | |
| Great Hall | 3 | |
| Watch Tower | 57 | |
| Fortress | 1 | |
| Beastiary | 5 | |
78 total
» build order
00:17 Orc Burrow
00:58 Orc Burrow
01:09 Altar of Storms
01:12 Barracks
02:16 Voodoo Lounge
02:54 Stronghold
04:05 War Mill
05:26 Great Hall
05:29 Watch Tower
05:30 Watch Tower
05:30 Watch Tower
05:34 Orc Burrow
05:38 Watch Tower
05:44 Watch Tower
07:10 Watch Tower
08:25 Watch Tower
08:26 Watch Tower
08:29 Watch Tower
08:30 Watch Tower
08:36 Watch Tower
10:19 Watch Tower
10:20 Watch Tower
10:20 Watch Tower
10:21 Watch Tower
10:23 Watch Tower
11:07 Fortress
12:00 Beastiary
12:01 Beastiary
12:02 Beastiary
12:03 Beastiary
13:19 Watch Tower
13:19 Watch Tower
13:21 Watch Tower
13:21 Watch Tower
13:49 Watch Tower
13:49 Watch Tower
13:53 Watch Tower
13:54 Watch Tower
14:11 Orc Burrow
14:13 Orc Burrow
15:49 Watch Tower
17:37 Watch Tower
17:39 Watch Tower
17:41 Watch Tower
20:07 Watch Tower
20:07 Watch Tower
20:10 Watch Tower
20:46 War Mill
21:15 Orc Burrow
21:43 Watch Tower
21:44 Watch Tower
21:44 Watch Tower
27:02 Beastiary
30:03 Watch Tower
30:04 Watch Tower
30:04 Watch Tower
30:05 Watch Tower
30:05 Watch Tower
30:06 Watch Tower
30:10 Watch Tower
31:30 Great Hall
31:34 Watch Tower
31:35 Watch Tower
31:35 Watch Tower
31:36 Watch Tower
31:36 Watch Tower
31:37 Watch Tower
32:54 Watch Tower
32:54 Watch Tower
32:55 Watch Tower
32:55 Watch Tower
32:55 Watch Tower
34:02 Great Hall
34:06 Watch Tower
34:06 Watch Tower
34:07 Watch Tower
34:07 Watch Tower
» items
| Healing Salve | 3 | |
| Lesser Clarity Potion | 2 | |
| Potion of Mana | 2 | |
| Orb of Lightning | 1 | |
| Potion of Healing | 2 | |
| Scroll of Town Portal | 5 | |
| Staff of Teleportation | 1 | |
16 total

»
Hitl3rsMustache (
red | 44 APM | 1035 actions | 23:33)
4 Blademaster
2 Wind Walk
2 Critical Strike
» actions
| Assign group hotkey | 26 | |
| Basic commands | 3 | |
| Build / train | 63 | |
| ESC pressed | 1 | |
| Enter build submenu | 25 | |
| Enter hero's abilities submenu | 4 | |
| Remove unit from queue | 2 | |
| Right click | 460 | |
| Select / deselect | 230 | |
| Select group hotkey | 133 | |
| Use ability | 88 | |
1035 total
» units
| Peon | 13 | |
| Grunt | 6 | |
| Wind Rider | 4 | |
| Raider | 4 | |
27 total
» upgrades
| Pillage | 1 | |
| Melee Weapons | 3 | |
| Armor | 3 | |
| Spiked Barricades | 1 | |
| Berserker Strength | 1 | |
| Ranged Weapons | 2 | |
| Envenomed Spears | 1 | |
| Ensnare | 1 | |
| Reinforced Defenses | 1 | |
14 total
» buildings
| Orc Burrow | 8 | |
| Altar of Storms | 1 | |
| Barracks | 1 | |
| War Mill | 1 | |
| Voodoo Lounge | 1 | |
| Stronghold | 1 | |
| Watch Tower | 12 | |
| Beastiary | 2 | |
| Fortress | 1 | |
| Great Hall | 1 | |
29 total
» build order
00:22 Orc Burrow
00:45 Altar of Storms
01:04 Barracks
01:30 War Mill
02:18 Orc Burrow
02:35 Orc Burrow
02:55 Voodoo Lounge
03:55 Stronghold
04:29 Watch Tower
05:10 Orc Burrow
07:02 Watch Tower
07:05 Orc Burrow
08:33 Beastiary
08:38 Beastiary
08:50 Watch Tower
08:53 Watch Tower
10:17 Fortress
11:37 Great Hall
11:40 Watch Tower
11:41 Watch Tower
11:42 Watch Tower
14:06 Orc Burrow
16:48 Watch Tower
17:06 Watch Tower
17:08 Watch Tower
17:08 Watch Tower
17:09 Watch Tower
18:35 Orc Burrow
18:37 Orc Burrow
» items
| Healing Salve | 3 | |
| Scroll of Town Portal | 2 | |
| Potion of Mana | 1 | |
| Orb of Lightning | 1 | |
7 total
team 2 (winner)
AmericanEvil (
yellow | 51 APM | 1528 actions | 30:04)
8 Death Knight
2 Death Coil
3 Unholy Aura
1 Death Pact
2 Animate Dead
» actions
| Assign group hotkey | 30 | |
| Basic commands | 132 | |
| Build / train | 103 | |
| Enter build submenu | 35 | |
| Enter hero's abilities submenu | 9 | |
| Give item / drop item | 2 | |
| Right click | 595 | |
| Select / deselect | 391 | |
| Select group hotkey | 104 | |
| Use ability | 127 | |
1528 total
» units
| Acolyte | 10 | |
| Ghoul | 7 | |
| Crypt Fiend | 13 | |
| Frost Wyrm | 6 | |
| Obsidian Statue | 6 | |
42 total
» upgrades
| Web | 1 | |
| Creature Carapace | 3 | |
| Creature Attack | 3 | |
| Destroyer Form | 1 | |
| Ghoul Frenzy | 1 | |
| Freezing Breath | 1 | |
| Unholy Strength | 2 | |
| Unholy Armor | 2 | |
14 total
» buildings
| Ziggurat | 20 | |
| Crypt | 1 | |
| Graveyard | 1 | |
| Altar of Darkness | 1 | |
| Tomb of Relics | 2 | |
| Nerubian Tower | 5 | |
| Halls of the Dead | 1 | |
| Spirit Tower | 15 | |
| Necropolis | 1 | |
| Black Citadel | 1 | |
| Sacrificial Pit | 1 | |
| Boneyard | 2 | |
| Slaughterhouse | 1 | |
52 total
» build order
00:08 Ziggurat
00:11 Crypt
00:55 Graveyard
01:02 Altar of Darkness
01:38 Tomb of Relics
01:53 Ziggurat
02:47 Nerubian Tower
03:49 Ziggurat
05:07 Ziggurat
06:23 Halls of the Dead
07:01 Ziggurat
07:03 Ziggurat
07:36 Ziggurat
07:56 Nerubian Tower
08:04 Spirit Tower
08:04 Spirit Tower
08:27 Spirit Tower
08:27 Spirit Tower
08:45 Necropolis
09:06 Ziggurat
09:33 Ziggurat
10:01 Spirit Tower
10:31 Spirit Tower
10:34 Black Citadel
11:00 Ziggurat
11:31 Ziggurat
11:49 Tomb of Relics
11:57 Spirit Tower
11:59 Sacrificial Pit
12:39 Spirit Tower
12:54 Nerubian Tower
12:56 Nerubian Tower
12:58 Boneyard
13:10 Boneyard
13:12 Slaughterhouse
14:04 Ziggurat
15:33 Spirit Tower
16:26 Ziggurat
16:38 Spirit Tower
17:30 Nerubian Tower
20:39 Ziggurat
22:40 Ziggurat
22:44 Ziggurat
22:47 Ziggurat
23:27 Spirit Tower
23:32 Ziggurat
23:51 Spirit Tower
23:54 Ziggurat
24:02 Ziggurat
24:58 Spirit Tower
25:02 Spirit Tower
» items
| Rod of Necromancy | 2 | |
| Sacrificial Skull | 1 | |
| Dust of Appearance | 1 | |
| Scroll of Town Portal | 5 | |
| Orb of Corruption | 1 | |
| Scroll of Protection | 1 | |
11 total

»
IconicPenguin2 (
pink | 81 APM | 2838 actions | 35:09)
7 Demon Hunter
3 Mana Burn
3 Evasion
1 Metamorphosis
5 Pandaren Brewmaster
3 Breath of Fire
1 Drunken Haze
1 Drunken Brawler
3 Priestess of the Moon
2 Trueshot Aura
1 Scout
» actions
| Assign group hotkey | 37 | |
| Basic commands | 151 | |
| Build / train | 118 | |
| ESC pressed | 8 | |
| Enter build submenu | 37 | |
| Enter hero's abilities submenu | 15 | |
| Give item / drop item | 3 | |
| Remove unit from queue | 1 | |
| Right click | 1069 | |
| Select / deselect | 652 | |
| Select group hotkey | 582 | |
| Use ability | 165 | |
2838 total
» units
| Wisp | 37 | |
| Archer | 8 | |
| Dryad | 11 | |
| Druid of the Talon | 1 | |
| Hippogryph | 7 | |
| Chimaera | 6 | |
70 total
» upgrades
| Abolish Magic | 1 | |
| Strength of the Wild | 3 | |
| Reinforced Hides | 3 | |
| Ultravision | 1 | |
| Corrosive Breath | 1 | |
| Well Spring | 1 | |
10 total
» buildings
| Moon Well | 7 | |
| Altar of Elders | 1 | |
| Ancient of War | 1 | |
| Tree of Ages | 1 | |
| Hunter's Hall | 1 | |
| Ancient of Wonders | 1 | |
| Tree of Life | 4 | |
| Ancient of Lore | 1 | |
| Ancient of Wind | 2 | |
| Tree of Eternity | 1 | |
| Ancient Protector | 11 | |
| Chimaera Roost | 3 | |
34 total
» build order
00:20 Moon Well
00:36 Altar of Elders
00:48 Ancient of War
01:12 Moon Well
02:44 Moon Well
03:48 Tree of Ages
05:00 Hunter's Hall
05:03 Ancient of Wonders
05:34 Tree of Life
06:49 Ancient of Lore
07:11 Ancient of Wind
08:43 Moon Well
10:22 Tree of Eternity
11:13 Ancient Protector
11:15 Ancient Protector
11:47 Moon Well
11:48 Moon Well
11:57 Ancient of Wind
12:48 Chimaera Roost
12:49 Chimaera Roost
12:54 Chimaera Roost
13:51 Moon Well
15:05 Ancient Protector
21:36 Ancient Protector
22:55 Tree of Life
28:11 Tree of Life
28:20 Ancient Protector
28:22 Ancient Protector
28:24 Ancient Protector
29:17 Tree of Life
29:19 Ancient Protector
29:20 Ancient Protector
29:38 Ancient Protector
29:41 Ancient Protector
» items
| Scroll of Town Portal | 4 | |
| Potion of Healing | 5 | |
| Staff of Preservation | 1 | |
| Dust of Appearance | 2 | |
| Orb of Venom | 2 | |
| Potion of Mana | 1 | |
15 total
theinternetking (
purple | 106 APM | 4367 actions | 41:19)
9 Archmage
3 Summon Water Elemental
3 Brilliance Aura
2 Blizzard
1 Mass Teleport
7 Blood Mage
3 Flame Strike
3 Banish
1 Summon Phoenix
1 Death Knight
1 Death Coil
» actions
| Assign group hotkey | 124 | |
| Basic commands | 109 | |
| Build / train | 248 | |
| ESC pressed | 1 | |
| Enter build submenu | 55 | |
| Enter hero's abilities submenu | 16 | |
| Give item / drop item | 6 | |
| Right click | 1776 | |
| Select / deselect | 572 | |
| Select group hotkey | 1153 | |
| Use ability | 307 | |
4367 total
» units
| Peasant | 18 | |
| Footman | 8 | |
| Dragonhawk Rider | 7 | |
| Gryphon Rider | 7 | |
40 total
» upgrades
| Defend | 1 | |
| Masonry | 3 | |
| Swords | 3 | |
| Armor | 3 | |
| Lumber Harvesting | 1 | |
| Animal War Training | 1 | |
| Cloud | 1 | |
| Storm Hammers | 1 | |
| Backpack | 1 | |
15 total
» buildings
| Altar of Kings | 1 | |
| Barracks | 1 | |
| Farm | 9 | |
| Arcane Vault | 1 | |
| Town Hall | 4 | |
| Lumber Mill | 1 | |
| Keep | 3 | |
| Scout Tower | 44 | |
| Blacksmith | 1 | |
| Guard Tower | 111 | |
| Castle | 2 | |
| Gryphon Aviary | 4 | |
| Ancient Protector | 1 | |
183 total
» build order
01:00 Altar of Kings
01:02 Barracks
01:04 Farm
01:09 Farm
01:19 Farm
01:47 Farm
02:25 Arcane Vault
04:11 Town Hall
05:23 Lumber Mill
06:11 Keep
06:11 Keep
06:13 Scout Tower
06:14 Scout Tower
06:15 Scout Tower
06:32 Scout Tower
06:33 Scout Tower
06:43 Blacksmith
06:47 Guard Tower
06:56 Scout Tower
06:57 Scout Tower
07:00 Scout Tower
07:01 Scout Tower
07:05 Guard Tower
07:06 Guard Tower
07:06 Guard Tower
07:10 Guard Tower
07:10 Guard Tower
07:11 Guard Tower
07:13 Scout Tower
07:17 Scout Tower
07:18 Scout Tower
07:39 Guard Tower
07:39 Guard Tower
07:40 Guard Tower
07:40 Guard Tower
07:47 Guard Tower
07:47 Guard Tower
07:47 Guard Tower
07:48 Guard Tower
07:53 Guard Tower
07:54 Guard Tower
08:10 Guard Tower
08:11 Guard Tower
08:11 Guard Tower
08:16 Guard Tower
08:16 Guard Tower
08:16 Guard Tower
08:17 Guard Tower
08:22 Guard Tower
08:23 Guard Tower
09:43 Castle
10:13 Gryphon Aviary
10:15 Gryphon Aviary
10:23 Farm
10:32 Scout Tower
10:34 Scout Tower
10:35 Scout Tower
10:36 Scout Tower
10:38 Scout Tower
10:39 Scout Tower
10:40 Scout Tower
11:18 Guard Tower
11:18 Guard Tower
11:18 Guard Tower
11:19 Guard Tower
11:19 Guard Tower
11:19 Guard Tower
11:19 Guard Tower
11:20 Guard Tower
11:20 Guard Tower
11:20 Guard Tower
11:48 Guard Tower
11:49 Guard Tower
11:52 Guard Tower
11:53 Guard Tower
11:53 Guard Tower
11:53 Guard Tower
12:03 Guard Tower
12:34 Scout Tower
13:28 Guard Tower
13:28 Guard Tower
13:28 Guard Tower
13:28 Guard Tower
13:31 Scout Tower
13:33 Scout Tower
13:34 Scout Tower
15:51 Guard Tower
15:51 Guard Tower
15:51 Guard Tower
15:51 Guard Tower
15:57 Scout Tower
16:04 Farm
16:06 Farm
16:12 Farm
16:13 Farm
17:03 Guard Tower
17:03 Guard Tower
22:42 Town Hall
22:45 Scout Tower
22:46 Scout Tower
22:48 Scout Tower
22:49 Scout Tower
22:50 Scout Tower
22:51 Scout Tower
22:52 Scout Tower
22:52 Scout Tower
23:20 Gryphon Aviary
23:22 Gryphon Aviary
23:31 Guard Tower
23:31 Guard Tower
23:32 Guard Tower
23:32 Guard Tower
27:58 Guard Tower
27:58 Guard Tower
27:58 Guard Tower
35:23 Town Hall
35:27 Scout Tower
35:28 Scout Tower
35:30 Scout Tower
35:31 Scout Tower
35:33 Scout Tower
35:33 Scout Tower
35:34 Scout Tower
35:35 Scout Tower
35:56 Guard Tower
35:56 Guard Tower
35:56 Guard Tower
36:07 Guard Tower
36:07 Guard Tower
36:07 Guard Tower
36:07 Guard Tower
36:23 Guard Tower
36:23 Guard Tower
36:44 Guard Tower
36:45 Guard Tower
36:45 Guard Tower
36:45 Guard Tower
38:48 Town Hall
38:51 Scout Tower
38:52 Scout Tower
38:53 Scout Tower
38:54 Scout Tower
39:22 Guard Tower
39:22 Guard Tower
39:22 Guard Tower
39:22 Guard Tower
39:23 Guard Tower
39:25 Ancient Protector
39:26 Guard Tower
39:27 Guard Tower
» items
| Mechanical Critter | 8 | |
| Scroll of Regeneration | 8 | |
| Scroll of Town Portal | 3 | |
| Ivory Tower | 3 | |
| Staff of Sanctuary | 2 | |
| Tome of Retraining | 1 | |
| Periapt of Vitality | 2 | |
| Potion of Lesser Invulnerability | 2 | |
| Circlet of Nobility | 1 | |
| Staff of Teleportation | 1 | |
| Potion of Healing | 2 | |
33 total
Reichen (
orange | 32 APM | 1156 actions | 35:37)
2 Death Knight
1 Death Coil
1 Unholy Aura
» actions
| Assign group hotkey | 16 | |
| Basic commands | 1 | |
| Build / train | 70 | |
| ESC pressed | 1 | |
| Enter build submenu | 39 | |
| Enter hero's abilities submenu | 2 | |
| Remove unit from queue | 3 | |
| Right click | 611 | |
| Select / deselect | 272 | |
| Select group hotkey | 90 | |
| Use ability | 51 | |
1156 total
» units
| Acolyte | 18 | |
| Ghoul | 12 | |
| Crypt Fiend | 8 | |
| Gargoyle | 8 | |
46 total
» upgrades
| Creature Attack | 2 | |
| Web | 1 | |
| Creature Carapace | 2 | |
5 total
» buildings
| Crypt | 5 | |
| Ziggurat | 17 | |
| Altar of Darkness | 2 | |
| Graveyard | 2 | |
| Halls of the Dead | 3 | |
| Spirit Tower | 6 | |
| Black Citadel | 1 | |
| Necropolis | 3 | |
39 total
» build order
00:11 Crypt
00:16 Ziggurat
00:34 Altar of Darkness
01:05 Ziggurat
02:19 Graveyard
03:00 Halls of the Dead
04:05 Spirit Tower
04:15 Ziggurat
05:58 Black Citadel
08:16 Necropolis
10:30 Necropolis
13:49 Ziggurat
13:58 Ziggurat
14:11 Graveyard
14:44 Crypt
14:53 Halls of the Dead
15:56 Ziggurat
16:01 Ziggurat
16:19 Altar of Darkness
16:49 Crypt
16:54 Ziggurat
18:23 Ziggurat
18:26 Ziggurat
18:29 Ziggurat
18:41 Crypt
18:53 Crypt
19:16 Ziggurat
19:28 Spirit Tower
19:29 Spirit Tower
19:40 Spirit Tower
24:27 Necropolis
25:01 Ziggurat
25:10 Ziggurat
27:34 Halls of the Dead
29:16 Ziggurat
29:17 Ziggurat
29:18 Ziggurat
30:48 Spirit Tower
30:53 Spirit Tower
» items
| Scroll of Town Portal | 2 | |
| Periapt of Vitality | 1 | |
3 total
Chat log
(00:06 / Allies) Hitl3rsMustache: yo
(00:09 / Allies) t_K: yo
(00:12 / Allies) FEMINISM_RULES: yo
(00:16 / Allies) Hitl3rsMustache: rush or nah
(00:19 / Allies) FEMINISM_RULES: nah
(00:21 / Allies) FEMINISM_RULES: see them fail
(00:22 / Allies) FEMINISM_RULES: but
(00:23 / Allies) FEMINISM_RULES: yeee
(00:24 / Allies) FEMINISM_RULES: fuck it
(00:25 / Allies) FEMINISM_RULES: im 3-0
(00:31 / Allies) Hitl3rsMustache: units??
(00:33 / Allies) FEMINISM_RULES: gotta beat highscore of 8-9
(00:36 / All) FEMINISM_RULES: GL HF
(00:46 / Allies) t_K: mm
(00:49 / All) AmericanEvil: no u have fun
(00:51 / Allies) t_K: im not sure
(00:55 / Allies) t_K: melee
(00:57 / Allies) FEMINISM_RULES: mass ghouls
(00:58 / Allies) FEMINISM_RULES: with aura
(00:59 / Allies) t_K: grutn tauren
(01:01 / Allies) FEMINISM_RULES: with
(01:02 / Allies) FEMINISM_RULES: grunts
(01:03 / Allies) FEMINISM_RULES: for rush
(01:04 / Allies) FEMINISM_RULES: rape
(01:09 / Allies) Hitl3rsMustache: idk
(01:12 / Allies) Hitl3rsMustache: what should i make
(01:13 / Allies) Hitl3rsMustache: idc
(01:15 / Allies) FEMINISM_RULES: grunts
(01:17 / Allies) FEMINISM_RULES: everyone get grunts
(01:35 / Allies) t_K: hero?
(01:38 / Allies) Hitl3rsMustache: bm
(01:38 / Allies) FEMINISM_RULES: dl
(01:45 / Allies) t_K: teal?
(01:46 / Allies) Hitl3rsMustache: all get bm
(01:49 / Allies) FEMINISM_RULES: all 3 ofu
(01:51 / Allies) FEMINISM_RULES: get shadow hunter
(01:53 / Allies) FEMINISM_RULES: u can rape
(01:53 / Allies) FEMINISM_RULES: easily
(01:55 / Allies) FEMINISM_RULES: just get the
(01:56 / Allies) FEMINISM_RULES: snakes
(01:58 / Allies) Hitl3rsMustache: ill get hh shams later
(02:01 / Allies) t_K: 2 kate
(02:04 / Allies) t_K: got tc
(02:08 / Allies) FEMINISM_RULES: np
(02:16 / Allies) t_K: aura will be good
(02:22 / Allies) FEMINISM_RULES: meet
(02:23 / Allies) FEMINISM_RULES: here
(02:25 / Allies) FEMINISM_RULES: when u got 30 food
(02:29 / Allies) FEMINISM_RULES: faster we hit the better
(02:33 / All) dodat: ay yo green lemme see them titties
(02:45 / Allies) FEMINISM_RULES: you coudlve
(02:47 / Allies) FEMINISM_RULES: just typed it here
(02:48 / Allies) FEMINISM_RULES: to allies
(02:51 / Allies) FEMINISM_RULES: but i bet u wanted
(02:52 / Allies) FEMINISM_RULES: more attention
(02:55 / Allies) FEMINISM_RULES: so u said it to all
(03:03 / All) dodat: show da tits ma
(03:08 / All) FEMINISM_RULES: im a dude
(03:13 / All) FEMINISM_RULES: i just believe in feminism
(03:17 / Allies) Hitl3rsMustache: i thought no rush
(03:20 / All) FEMINISM_RULES: females i believe are greater than men
(03:22 / All) dodat: bitch please why u fo dat feminism den?
(03:23 / Allies) FEMINISM_RULES: yeah we are rushing
(03:26 / All) dodat: u ate up son!
(03:27 / Allies) Hitl3rsMustache: ok
(03:29 / All) IconicPenguin2: that is not feminism idiot
(03:32 / Allies) FEMINISM_RULES: lmao
(03:38 / All) IconicPenguin2: feminism seeks equal conditions
(03:43 / All) FEMINISM_RULES: not true
(03:44 / All) FEMINISM_RULES: Feminism
(03:46 / All) FEMINISM_RULES: my
(03:49 / All) FEMINISM_RULES: ignorant friend
(03:52 / All) dodat: den they call it dat EGALITARIANISM yo
(03:58 / All) FEMINISM_RULES: question
(04:02 / All) FEMINISM_RULES: do u like your mother
(04:17 / Allies) FEMINISM_RULES: kkk met up guys
(04:18 / Allies) FEMINISM_RULES: lets end this
(04:19 / Allies) FEMINISM_RULES: come
(04:35 / Allies) dodat: wat u talkin about yo
(04:41 / Allies) Hitl3rsMustache: lol
(04:44 / Allies) FEMINISM_RULES: just trollin
(04:45 / Allies) FEMINISM_RULES: dude relax
(04:47 / Allies) FEMINISM_RULES: teal wtf
(04:53 / Allies) FEMINISM_RULES: i swear if this rush fails
(04:54 / Allies) FEMINISM_RULES: im tking u
(05:02 / Allies) dodat: who said ne thing bout rush yo
(05:10 / Allies) t_K: so we going or ?
(05:12 / Allies) FEMINISM_RULES: u stupid
(05:20 / Allies) Hitl3rsMustache: meet all
(05:23 / Allies) FEMINISM_RULES: retarded allie
(05:24 / Allies) FEMINISM_RULES: i swear
(05:28 / Allies) FEMINISM_RULES: red lets just go
(05:31 / Allies) FEMINISM_RULES: these guys are retarded
(05:35 / Allies) Hitl3rsMustache: we will die yo
(05:42 / Allies) FEMINISM_RULES: hit and run then
(05:46 / Allies) Hitl3rsMustache: wyrvs later
(05:47 / Allies) FEMINISM_RULES: tking
(05:49 / Allies) FEMINISM_RULES: if we lose
(05:49 / Allies) FEMINISM_RULES: btw
(05:54 / Allies) t_K: i can be there before u
(06:04 / Allies) Hitl3rsMustache: go
(06:06 / Allies) Hitl3rsMustache: come blue
(06:09 / Allies) FEMINISM_RULES: main okay
(06:09 / Allies) t_K: nice
(06:37 / Allies) t_K: <
(06:38 / Allies) t_K: main
(06:48 / All) FEMINISM_RULES: GG
(06:50 / Allies) t_K: loll
(06:53 / Allies) Hitl3rsMustache: gj
(06:58 / Allies) FEMINISM_RULES: gjjj
(07:00 / Allies) FEMINISM_RULES: look at teal
(07:02 / Allies) FEMINISM_RULES: base sitting
(07:10 / Allies) FEMINISM_RULES: teal go hit man
(07:41 / Allies) dodat: lumbs?
(07:52 / Allies) dodat: thax nigga
(08:11 / All) Hitl3rsMustache: blow me
(09:09 / Allies) FEMINISM_RULES: red
(09:09 / Allies) FEMINISM_RULES: expo
(09:15 / Allies) Hitl3rsMustache: kk
(09:36 / Allies) Hitl3rsMustache: omw
(10:24 / Allies) FEMINISM_RULES: red
(10:26 / Allies) FEMINISM_RULES: ddi u kill orange
(10:27 / Allies) Hitl3rsMustache: what
(10:29 / Allies) Hitl3rsMustache: yes
(10:30 / Allies) FEMINISM_RULES: dope
(10:33 / Allies) FEMINISM_RULES: 3v4
(10:35 / Allies) Hitl3rsMustache: maye two acos in base
(10:37 / Allies) FEMINISM_RULES: grab expos
(10:45 / Allies) FEMINISM_RULES: got aboms
(10:47 / Allies) t_K: teal
(10:48 / Allies) t_K: wtf
(10:50 / Allies) t_K: u doing
(11:00 / Allies) t_K: god
(11:03 / Allies) Hitl3rsMustache: omw
(11:12 / Allies) t_K: can t fucking expo
(11:16 / Allies) FEMINISM_RULES: teal gold me plz
(11:54 / Allies) FEMINISM_RULES: teal gold us
(11:57 / Allies) FEMINISM_RULES: oh teal
(11:58 / Allies) FEMINISM_RULES: ur a troll
(11:59 / Allies) FEMINISM_RULES: arent u
(12:07 / Allies) FEMINISM_RULES: cringey gimmick ones right
(12:14 / Allies) FEMINISM_RULES: same guy whose 1h8naggers
(12:17 / Allies) FEMINISM_RULES: lame gimmick
(12:54 / Allies) dodat: who dat
(12:55 / Allies) Hitl3rsMustache: lol
(13:12 / Allies) FEMINISM_RULES: red
(13:13 / Allies) FEMINISM_RULES: come
(13:14 / Allies) t_K: dh
(13:15 / Allies) Hitl3rsMustache: omw
(13:35 / Allies) t_K: omfg
(13:37 / Allies) t_K: omg
(13:44 / Allies) t_K: i fucking give up;
(13:49 / Allies) FEMINISM_RULES: telax
(14:18 / Allies) Hitl3rsMustache: b
(14:20 / Allies) Hitl3rsMustache: b
(14:41 / Allies) Hitl3rsMustache: g
(15:44 / Allies) FEMINISM_RULES: lets hit them
(15:51 / Allies) t_K: we lost..
(15:53 / Allies) FEMINISM_RULES: relax
(15:54 / Allies) FEMINISM_RULES: man
(15:54 / Allies) FEMINISM_RULES: fuck
(15:56 / Allies) FEMINISM_RULES: u pussy
(15:59 / Allies) FEMINISM_RULES: so pessimistic
(15:59 / Allies) t_K: olll
(16:03 / Allies) t_K: abom vs mass air dude
(16:13 / Allies) FEMINISM_RULES: ur fucking trash
(16:13 / Allies) Hitl3rsMustache: wtf guy
(16:14 / Allies) FEMINISM_RULES: leave then
(16:15 / Allies) FEMINISM_RULES: u pussy
(16:21 / Allies) t_K: na im havin fun
(16:23 / Allies) Hitl3rsMustache: we had this
(16:25 / Allies) FEMINISM_RULES: then shut the fuck up
(16:27 / Allies) Hitl3rsMustache: yall sucking ick
(16:34 / Allies) Hitl3rsMustache: where tf are units teal
(16:36 / Allies) Hitl3rsMustache: you eat ass
(16:53 / Allies) FEMINISM_RULES: get soem fucking bats
(16:56 / Allies) dodat: got em b
(16:57 / All) IconicPenguin2: u blow me
(17:16 / Allies) Hitl3rsMustache: r
(17:21 / Allies) Hitl3rsMustache: getting raiders
(17:40 / Allies) FEMINISM_RULES: if they hit a amain base
(17:41 / Allies) FEMINISM_RULES: then tp okay
(17:46 / Allies) Hitl3rsMustache: meet you fuks
(18:02 / Allies) Hitl3rsMustache: do shit teal
(18:07 / Allies) Hitl3rsMustache: gold me
(18:07 / Allies) Hitl3rsMustache: fuck
(18:11 / Allies) FEMINISM_RULES: exactly
(18:11 / Allies) FEMINISM_RULES: teal
(18:15 / Allies) FEMINISM_RULES: i know ur gayass gimmick
(18:19 / Allies) Hitl3rsMustache: he has everything
(18:20 / Allies) FEMINISM_RULES: its really awkward and lame
(18:21 / Allies) Hitl3rsMustache: does nothing
(18:27 / Allies) FEMINISM_RULES: its a cringe gimmick dw
(18:37 / All) dodat: pink's mher lawl
(18:39 / Allies) FEMINISM_RULES: who stay at home
(18:41 / Allies) FEMINISM_RULES: and dont do
(18:45 / Allies) FEMINISM_RULES: anything
(18:58 / Allies) Hitl3rsMustache: use bats douche
(19:02 / Allies) FEMINISM_RULES: he wont
(19:05 / Allies) FEMINISM_RULES: its apart of his gimmick
(19:07 / Allies) FEMINISM_RULES: red come
(19:10 / Allies) Hitl3rsMustache: doesnt hit or nothin
(19:20 / Allies) FEMINISM_RULES: hello come here
(20:08 / Allies) FEMINISM_RULES: red why didnt u fight man
(20:14 / Allies) Hitl3rsMustache: i did
(20:15 / Allies) Hitl3rsMustache: wtf
(20:17 / Allies) FEMINISM_RULES: u kept
(20:18 / Allies) FEMINISM_RULES: shifting
(20:26 / Allies) Hitl3rsMustache: its gg
(20:26 / Allies) FEMINISM_RULES: w.e lets hit
(20:29 / Allies) FEMINISM_RULES: just hut
(20:30 / Allies) Hitl3rsMustache: idk why im still here
(20:35 / Allies) Hitl3rsMustache: teal losing for all of us
(20:37 / Allies) FEMINISM_RULES: just hit
(20:38 / Allies) FEMINISM_RULES: u noob
(22:14 / Allies) Hitl3rsMustache: teal does shit
(22:15 / Allies) Hitl3rsMustache: gg
(22:24 / Allies) FEMINISM_RULES: teal
(22:24 / All) Hitl3rsMustache: nigga got 7k gold
(22:26 / Allies) FEMINISM_RULES: ur gimmick is lame
(22:31 / All) theinternetking: so do I
(22:34 / Allies) FEMINISM_RULES: teal
(22:35 / Allies) FEMINISM_RULES: tp
(22:56 / Allies) Hitl3rsMustache: no towers
(23:07 / Allies) FEMINISM_RULES: toppppp
(23:25 / All) FEMINISM_RULES: great comeback
(23:25 / All) FEMINISM_RULES: guys
(23:29 / All) FEMINISM_RULES: but to be fair
(23:30 / Allies) Hitl3rsMustache: wtf are you doing blue
(23:31 / All) FEMINISM_RULES: i was stuck with a shitty
(23:32 / All) FEMINISM_RULES: team
(23:34 / All) FEMINISM_RULES: except
(23:36 / All) theinternetking: yea you were on it
(23:37 / All) FEMINISM_RULES: red
(23:38 / All) theinternetking: bad luck
(23:39 / All) FEMINISM_RULES: lmao
(23:46 / All) FEMINISM_RULES: you are 0-1
(23:48 / All) FEMINISM_RULES: can you stat me
(23:52 / All) FEMINISM_RULES: even with a loss
(23:54 / All) FEMINISM_RULES: Im 2/3
(23:55 / All) FEMINISM_RULES: ur 1-1
(23:56 / All) FEMINISM_RULES: LMAO
(23:57 / All) theinternetking: I am 0-0
(23:58 / All) FEMINISM_RULES: make a new
(24:00 / All) FEMINISM_RULES: account noob
(24:02 / All) FEMINISM_RULES: stat urself kid
(24:02 / All) theinternetking: I left my first game
(24:04 / All) theinternetking: didn't even play it
(24:06 / All) FEMINISM_RULES: doesnt matter
(24:08 / All) FEMINISM_RULES: you lost
(24:09 / All) FEMINISM_RULES: lmao noob
(24:12 / All) FEMINISM_RULES: qq after okay
(24:14 / All) theinternetking: I don't play for record like you do either
(24:14 / All) FEMINISM_RULES: and head to campaign
(24:20 / All) FEMINISM_RULES: cuz u sck kid
(24:23 / All) theinternetking: You're 3-1 now lol
(24:27 / All) theinternetking: mad your perfect record got broken?
(27:02 / All) theinternetking: Green is whispering me
(27:29 / All) theinternetking: he's upset he got his first loss on his new account
(27:34 / All) theinternetking: and thinks 3-0 is a big deal when you can get that afking
(27:38 / All) t_K: loll
(30:01 / All) AmericanEvil: gg
(34:53 / All) IconicPenguin2: Fucking sad
(35:01 / All) dodat: YEs you are noob
(35:03 / All) IconicPenguin2: u have to play with a friend on other team to win teal
(35:07 / All) IconicPenguin2: fucking idiot
(35:16 / All) dodat: lol
(36:22 / All) dodat: lkawl wasn't watching my bm
(38:59 / All) dodat: lets creeping
(39:06 / All) dodat: lol
(39:48 / All) dodat: beast
(39:57 / All) t_K: gg
(39:59 / All) t_K: was nice
(40:17 / All) dodat: barely a scratch
(40:27 / All) t_K: teal
(40:34 / All) t_K: make us a happy
(40:38 / All) t_K: and get a life
(40:43 / All) t_K: game sfreaking 15 years old
(40:46 / All) theinternetking: "us"?
(40:47 / All) dodat: I'm making a good life right
(40:48 / All) t_K: gg
(40:48 / All) dodat: now
(40:50 / All) dodat: with your mother
(40:51 / All) dodat: :DDD
(40:53 / All) dodat: XD
(40:58 / All) dodat: law
(41:01 / All) theinternetking: lol
(41:11 / All) dodat: green lose since he's a whopping 3-0 !!!!!